 Dungeon Crawl Stone Soup version 0.19.5 (webtiles) character file.

4228 djnw the Summoner (level 10, -3/63 HPs)
             Began as a Mummy Summoner on Mar 24, 2017.
             Was a Priest of Sif Muna.
             Slain by a black mamba (8 damage)
             ... on level 2 of the Lair of Beasts.
             The game lasted 00:32:39 (13711 turns).

djnw the Summoner (Mummy Summoner)                 Turns: 13711, Time: 00:32:40

Health: -3/63      AC:  4    Str: 11    XL:     10   Next: 9%
Magic:  0/21       EV: 18    Int: 18    God:    Sif Muna [***...]
Gold:   547        SH:  0    Dex: 13    Spells: 4 memorised, 14 levels left

rFire  x . .     SeeInvis .     f - +3 spear (venom)
rCold  + . .     Gourm    .     h - +0 robe (curse)
rNeg   + + +     Faith    .     (no shield)
rPois  ∞         Spirit   .     m - +0 helmet
rElec  .         Reflect  .     p - +0 cloak of the Sun {Stlth+}
rCorr  .         Harm     .     (no gloves)
MR     +....                    (no boots)
Stlth  +++.......               (no amulet)
                                c - +6 ring of evasion
                                e - ring of flight

@: no casting
A: no food or potions, fire vulnerability, cold resistance 1, negative energy
resistance 3, torment resistance, unbreathing
a: Stop Divine Energy, Channel Magic, Renounce Religion, Evoke Flight


You were on level 2 of the Lair of Beasts.
You worshipped Sif Muna.
Sif Muna was most pleased with you.
You were not hungry.

You visited 2 branches of the dungeon, and saw 11 of its levels.

You collected 547 gold pieces.

Inventory:

Hand Weapons
 f - a +3 spear of venom (weapon)
 s - a +2 quarterstaff of protection
 v - a +2 demon blade of freezing
Armour
 a - a +1 robe
 h - a cursed +0 robe (worn)
 m - a +0 helmet (worn)
 o - a +2 shield
 p - the +0 cloak of the Sun (worn) {Stlth+}
   (You found it on level 7 of the Dungeon)

   It makes you more stealthy.
Magical Staves
 j - an uncursed staff of poison
 k - an uncursed staff of conjuration
Jewellery
 c - a +6 ring of evasion (right hand)
 e - a ring of flight (left hand)
 l - an uncursed ring of protection from cold
Wands
 g - a wand of lightning (3/15)
 n - a wand of polymorph (13/24)
 q - a wand of paralysis (24/24)
 x - a wand of slowing (29/48)
Scrolls
 d - 3 scrolls of identify
 i - 6 scrolls of remove curse
 r - a scroll of brand weapon {unknown}
 t - 2 scrolls of fog
 u - a scroll of enchant armour
 w - a scroll of immolation {unknown}
Books
 b - a book of Callings

   Spells                             Type                      Level
   a - Summon Small Mammal            Summoning                    1
   b - Call Imp                       Summoning                    2
   c - Call Canine Familiar           Summoning                    3
   d - Summon Guardian Golem          Hexes/Summoning              3
   e - Summon Lightning Spire         Summoning/Air                4
   f - Summon Ice Beast               Ice/Summoning                4


   Skills:
 - Level 1.5 Dodging
 - Level 1.5 Stealth
 * Level 7.7 Spellcasting
 * Level 8.7 Summonings
 + Level 6.2 Ice Magic


You had 14 spell levels left.
You knew the following spells:

 Your Spells              Type           Power        Failure   Level  Hunger
a - Summon Small Mammal   Summ           ####         1%          1    N/A
b - Call Imp              Summ           #####...     1%          2    N/A
c - Call Canine Familiar  Summ           #####...     1%          3    N/A
d - Summon Ice Beast      Ice/Summ       ####....     6%          4    N/A

Dungeon Overview and Level Annotations

Branches:
Dungeon (9/15)             Temple (0/1) D:6            Lair (2/6) D:8
  Swamp: Lair:2-4    Shoals: Lair:2-4     Snake: Lair:2-4    Spider: Lair:2-4
    Orc: D:9-12

Altars:
Elyvilon
Kikubaaqudgha
Sif Muna

Shops:
D:6 (   D:7 [


Innate Abilities, Weirdness & Mutations

You do not eat or drink.
Your flesh is vulnerable to fire.
You are immune to poison.
Your flesh is cold resistant. (rC+)
You are immune to negative energy. (rN+++)
You are immune to unholy pain and torment.
You can survive without breathing.


Message History

You reach to attack!
You hit the black mamba.
The black mamba is poisoned.
The black mamba is heavily wounded.
The wolf bites something.
The black mamba bites your ice beast.
The wolf bites something!
The water moccasin closely misses your ice beast.
Your ice beast closely misses the water moccasin.
The black mamba bites your ice beast!!
Your ice beast dies!
The water moccasin bites something!
The water moccasin is no longer moving slowly.
The black mamba misses you.
Casting: Summon Ice Beast
Confirm with . or Enter, or press ? or * to list all spells.
A chill wind blows around you. Sif Muna grants you divine energy.
You briefly lose access to your magic!
The black mamba bites you!
* * * LOW HITPOINT WARNING * * *
Unknown command.
The black mamba bites you!
You die...

≈. #.......#.###...##P#
...#........##....#####
≈..#......†......P#
≈..†.............##
≈P........#P.....##
...#...######....##
.##..## ###...# #..##
#Y#..# ########.#
##...........## ##
....♣♣♣♣♣♣♣♣.♣ ♣♣♣♣ ♣♣♣


You could see a black mamba, a water moccasin, a wolf and a friendly ice beast.

Vanquished Creatures
  A rime drake (Lair:2)
  Prince Ribbit (D:7)
  2 yaks
  A water moccasin (Lair:1)
  A porcupine (Lair:1)
  A sky beast (D:8)
  2 ogres (D:5)
  A centaur (D:7)
  A wolf (Lair:2)
  A crocodile (D:8)
  2 bullfrogs (D:6)
  A water moccasin zombie (D:5)
  3 scorpions
  2 crimson imps
  2 hounds
  A jelly (D:6)
  A bullfrog skeleton (D:7)
  2 iguanas
  2 worker ants
  A killer bee zombie (D:8)
  A hound zombie (D:8)
  A worker ant zombie (D:5)
  3 adders
  2 gnolls (D:7)
  An ooze (D:3)
  3 leopard geckos
  13 orcs
  11 bats
  6 giant cockroaches
  3 hobgoblins
  4 jackals
  2 quokkas
  A ball python (D:3)
  2 frilled lizards
  5 goblins
  2 kobolds
  An orc zombie (D:8)
  8 rats
98 creatures vanquished.

Vanquished Creatures (collateral kills)
  The ghost of execc the Carver, a novice VSGl of Cheibriados (D:8)
  The ghost of Trampli the Cleaver, a novice DDFi of Makhleb (D:6)
  A black mamba (Lair:1)
  A spiny frog (Lair:1)
  A hippogriff (Lair:1)
  A wyvern (Lair:2)
  2 yaks (Lair:1)
  2 water moccasins
  Duvessa (D:6)
  An orc warrior (D:8)
  An ice beast (D:8)
  A black bear (D:8)
  A phantom (D:8)
  An ogre (D:8)
  3 wolves (Lair:2)
  2 centaurs
  2 crocodiles (D:8)
  2 bullfrogs
  Dowan (D:6)
  A scorpion (D:8)
  2 crimson imps (D:8)
  A centaur zombie (D:5)
  2 jellies
  An orc priest (D:3)
  A bullfrog skeleton (D:6)
  2 hounds
  A centaur skeleton (D:7)
  2 orc wizards (D:4)
  A worker ant (D:5)
  A mummy (D:8)
  2 gnolls (D:7)
  3 adders
  4 river rats (D:8)
  An adder skeleton (D:7)
  A worm (D:2)
  A leopard gecko (D:3)
  13 orcs
  A giant cockroach (D:8)
  A goblin (D:1)
  3 jackals (D:6)
  8 bats
  A frilled lizard (D:2)
  A giant cockroach zombie (D:5)
  2 hobgoblin zombies (D:8)
  2 kobolds
  An orc zombie (D:8)
  3 rats (D:8)
  A plant (D:8)
90 creatures vanquished.

Vanquished Creatures (others)
  A human (D:5)
  11 fungi (D:8)
  11 plants (D:8)
23 creatures vanquished.

Grand Total: 211 creatures vanquished

Notes
Turn   | Place    | Note
-------+----------+-------------------------------------------
     0 | D:1      | djnw the Mummy Summoner began the quest for the Orb.
     0 | D:1      | Reached XP level 1. HP: 13/13 MP: 3/3
  1175 | D:1      | Reached XP level 2. HP: 18/19 MP: 5/5
  1179 | D:1      | Learned a level 2 spell: Call Imp
  2114 | D:2      | Reached XP level 3. HP: 20/24 MP: 7/7
  2443 | D:3      | Reached skill level 4 in Summonings
  2471 | D:3      | Reached XP level 4. HP: 9/30 MP: 5/8
  2857 | D:3      | Noticed a bullfrog
  2866 | D:3      | Killed a bullfrog
  3147 | D:3      | Learned a level 3 spell: Call Canine Familiar
  3226 | D:4      | Reached XP level 5. HP: 16/35 MP: 3/10
  3795 | D:4      | Reached skill level 5 in Summonings
  4078 | D:4      | Reached XP level 6. HP: 37/41 MP: 8/11
  4397 | D:4      | Noticed a water moccasin
  4405 | D:4      | Killed a water moccasin
  4644 | D:5      | Entered Level 5 of the Dungeon
  5239 | D:5      | Reached skill level 6 in Summonings
  5239 | D:5      | Reached XP level 7. HP: 45/46 MP: 13/13
  5500 | D:5      | Found an ancient bone altar of Kikubaaqudgha.
  5501 | D:5      | Noticed a human
  5503 | D:5      | Killed a human
  6023 | D:6      | Noticed Duvessa
  6234 | D:6      | Noticed Dowan
  6245 | D:6      | Killed Duvessa
  6245 | D:6      | Reached skill level 5 in Spellcasting
  6263 | D:6      | Killed Dowan
  6263 | D:6      | Reached skill level 7 in Summonings
  6880 | D:6      | Reached XP level 8. HP: 52/52 MP: 10/15
  6921 | D:6      | Learned a level 4 spell: Summon Ice Beast
  6939 | D:6      | Noticed Trampli's ghost (novice DDFi)
  7778 | D:7      | Reached skill level 1 in Ice Magic
  7782 | D:7      | Found a white marble altar of Elyvilon.
  7896 | D:7      | Got a warped cloak
  7902 | D:7      | Identified the +0 cloak of the Sun {Stlth+} (You found it on level 7 of the Dungeon)
  8417 | D:7      | Found Xitaahan's Antique Armour Boutique.
  8980 | D:7      | Noticed Prince Ribbit
  9018 | D:7      | Killed Prince Ribbit
  9329 | D:7      | Found a deep blue altar of Sif Muna.
  9338 | D:7      | Became a worshipper of Sif Muna the Loreminder
  9794 | D:8      | Noticed execc's ghost (novice VSGl)
 10680 | D:6      | Found a staircase to the Ecumenical Temple.
 10852 | D:6      | Found Xavor's Weapon Boutique.
 10925 | D:6      | Killed Trampli's ghost
 10925 | D:6      | Reached * piety under Sif Muna
 10925 | D:6      | Reached XP level 9. HP: 5/57 MP: 2/18
 11251 | D:8      | Killed execc's ghost
 11251 | D:8      | Reached skill level 8 in Summonings
 11502 | D:8      | Reached ** piety under Sif Muna
 11581 | D:8      | Reached skill level 5 in Ice Magic
 11795 | D:8      | Found a staircase to the Lair.
 12163 | Lair:1   | Entered Level 1 of the Lair of Beasts
 12343 | Lair:1   | Noticed a spiny frog
 12372 | Lair:1   | Killed a spiny frog
 13401 | Lair:1   | Noticed a black mamba
 13409 | Lair:1   | Killed a black mamba
 13539 | Lair:2   | Reached XP level 10. HP: 63/63 MP: 14/21
 13672 | Lair:2   | Noticed a black mamba
 13687 | Lair:2   | Reached *** piety under Sif Muna
 13711 | Lair:2   | Slain by a black mamba

Skill      XL: |  1  2  3  4  5  6  7  8  9 |
---------------+----------------------------+-----
Summonings     | 4 5 6 7 8 |  8.7
Spellcasting   | 3 4 5 6 7 |  7.7
Ice Magic      | 4 6 |  6.2
Dodging        | |  1.5
Stealth        | |  1.5

Action                   |  1- 3 |  4- 6 |  7- 9 | 10-12 || total
-------------------------+-------+-------+-------+-------++-------
Melee: Club              |    44 |       |       |       ||    44
       Unarmed           |     4 |       |       |       ||     4
       Spear             |    66 |    85 |   286 |    13 ||   450
 Cast: Summon Small Mamm |     4 |       |     3 |       ||     7
       Call Imp          |     7 |    17 |    72 |       ||    96
       Call Canine Famil |       |    12 |    38 |       ||    50
       Summon Ice Beast  |       |       |    39 |    10 ||    49
Invok: Divine Energy     |       |       |     2 |       ||     2
       Stop Divine Energ |       |       |     1 |       ||     1
Evoke: Wand              |       |       |     3 |       ||     3
  Use: Scroll            |     5 |     5 |     8 |     1 ||    19
 Stab: Sleeping          |     1 |     3 |     2 |       ||     6
       Distracted        |     1 |     1 |     9 |       ||    11
Armor: Robe              |    24 |     4 |    28 |     2 ||    58
Dodge: Dodged            |    74 |    56 |   240 |    28 ||   398
